 Dungeon Crawl Stone Soup version 0.29.0-13-gc9e81de378 (webtiles) character file.

Game seed: 5981505468724489314

130468 SnakkuSnakku7 the Scorcher (level 16, 0/117 HPs)
             Began as a Demonspawn Fire Elementalist on Sept 9, 2022.
             Was an Initiate of Gozag.
             Blown up by a sun moth (42 damage)
             ... with a bolt of energy
             ... on level 1 of the Spider Nest.
             The game lasted 00:49:09 (31800 turns).

SnakkuSnakku7 the Scorcher (DsFE)                  Turns: 31800, Time: 00:49:09

Health: 0/117      AC: 23    Str:  9    XL:     16   Next: 53%
Magic:  8/29       EV: 14    Int: 28    God:    Gozag
Gold:   8071       SH: 13    Dex: 16    Spells: 12/33 levels left

rFire   + . .      SeeInvis .   a - staff of fire
rCold   . . .      Faith    .   M - +0 buckler
rNeg    . . .      Spirit   .   H - +0 acid dragon scales
rPois   .          Reflect  .   i - +2 helmet
rElec   .          Harm     .   F - +0 cloak {rCorr}
rCorr   +          Rampage  .   J - +2 pair of gloves
Will    +....                   W - +2 pair of boots
Stlth   ++........              O - amulet of regeneration
HPRegen 1.09/turn               r - +4 ring of protection
MPRegen 0.21/turn               I - +6 ring of intelligence

@: mighty, lethally poisoned (0 -> -10)
A: large bone plates 3, foul stench 2, powered by pain 1, weakness stinger 2
a: Renounce Religion, Potion Petition, Call Merchant, Bribe Branch


You were on level 1 of the Spider Nest.
You worshipped Gozag.
Gozag was greatly pleased with you.
You visited 5 branches of the dungeon, and saw 24 of its levels.
You also visited: Ossuary and Ice Cave.

You collected 9371 gold pieces.
You spent 1222 gold pieces at shops.
You paid 78 gold pieces to Gozag.

Inventory:

Missiles
 S - 2 throwing nets
Armour
 i - a +2 helmet (worn)
 B - a +0 tower shield
 F - a +0 cloak of preservation (worn)
 H - +0 acid dragon scales (worn)
 J - a +2 pair of gloves (worn)
 M - a +0 buckler (worn)
 W - a +2 pair of boots (worn)
Magical Staves
 a - a staff of fire (weapon)
Jewellery
 d - a ring of fire
 r - a +4 ring of protection (left hand)
 C - a ring of poison resistance
 D - a ring of resist corrosion
 I - a +6 ring of intelligence (right hand)
 O - an amulet of regeneration (around neck)
 Y - a ring of ice
Wands
 b - a wand of charming (20)
 l - a wand of digging (2)
 q - a wand of flame (36)
 w - a wand of polymorph (6)
 y - a wand of acid (4)
 E - a wand of mindburst (8)
 G - a wand of roots (13)
Scrolls
 e - 5 scrolls of teleportation
 f - 4 scrolls of magic mapping
 h - 7 scrolls of poison
 j - a scroll of amnesia
 p - 4 scrolls of fear
 x - a scroll of fog
 z - a scroll of immolation
 A - 2 scrolls of blinking
 P - 2 scrolls of enchant armour
 T - 3 scrolls of vulnerability
Potions
 c - 17 potions of curing
 g - 3 potions of attraction
 k - a potion of lignification
 m - 9 potions of heal wounds
 n - 10 potions of brilliance
 o - 8 potions of mutation
 s - 2 potions of haste
 t - 5 potions of flight
 K - a potion of invisibility
 L - 2 potions of might
 N - 2 potions of cancellation
 R - a potion of magic
 X - a potion of resistance
Miscellaneous
 Q - a phantom mirror


   Skills:
 - Level 8.0 Fighting
 - Level 8.0 Armour
 - Level 8.0 Dodging
 - Level 1.7 Stealth
 - Level 5.2 Shields
 - Level 9.0 Spellcasting
 - Level 15.0 Conjurations
 + Level 18.2 Fire Magic


You had 12 spell levels left.
You knew the following spells:

 Your Spells              Type           Power      Damage    Failure   Level
a - Flame Wave            Conj/Fire      100%       2d21      1%          4
b - Scorch                Fire           100%       2d10      0%          2
c - Foxfire               Conj/Fire      100%       2x1d9     0%          1
d - Starburst             Conj/Fire      51%        6d14      1%          6
e - Ignition              Fire           53%        3d15      32%         8

Your spell library contained the following spells:

 Spells                   Type           Power      Damage    Failure   Level
 Magic Dart               Conj           100%       1d8       1%          1
 Static Discharge         Conj/Air       53%        3-10/arc  1%          2
 Conjure Flame            Conj/Fire      100%       6-21      1%          3
 Inner Flame              Hex/Fire       77%        N/A       1%          3
 Fireball                 Conj/Fire      51%        3d20      1%          5
 Iskenderun's Battlesphe  Conj           77%        2d13      1%          5
 Mephitic Cloud           Conj/Pois/Air  40%        N/A       3%          3
 Apportation              Tloc           24%        N/A       9%          1
 Freeze                   Ice            48%        1d7       9%          1
 Lightning Bolt           Conj/Air       26%        1d42      11%         5
 Call Imp                 Summ           12%        N/A       13%         2
 Orb of Destruction       Conj           38%        9d11      16%         7
 Call Canine Familiar     Summ           12%        N/A       26%         3
 Frozen Ramparts          Ice            24%        1d4       26%         3
 Ozocubu's Armour         Ice            12%        N/A       26%         3
 Portal Projectile        Hex/Tloc       24%        N/A       26%         3
 Conjure Ball Lightning   Conj/Air       26%        3x3d7     52%         6
 Ice Form                 Ice/Tmut       12%        N/A       65%         4
 Leda's Liquefaction      Hex/Erth       6%         N/A       65%         4
 Summon Ice Beast         Ice/Summ       12%        N/A       65%         4
 Alistair's Intoxication  Tmut/Pois      8%         N/A       94%         5
 Borgnjor's Vile Clutch   Necr/Erth      6%         N/A       94%         5
 Metabolic Englaciation   Hex/Ice        6%         N/A       94%         5
 Death Channel            Necr           6%         N/A       100%        6
 Haunt                    Necr/Summ      6%         N/A       100%        7
 Ozocubu's Refrigeration  Ice            6%         4d8       100%        7
 Infestation              Necr           6%         N/A       100%        8
 Maxwell's Capacitive Co  Air            6%         ∞         100%        8
 Animate Dead             Necr           Unusable   N/A       N/A         4
 Simulacrum               Ice/Necr       Unusable   N/A       N/A         6

Dungeon Overview and Level Annotations

Branches:
Dungeon (15/15)            Temple (1/1) D:5            Lair (5/5) D:10
 Shoals (0/4) Lair:2       Spider (1/4) Lair:2        Slime (0/5) Lair:5
    Orc (2/2) D:10            Elf (0/3) Orc:2        Vaults (0/5) D:13
 Depths (0/4) D:15        Ossuary (visited)           IceCv (visited)

Altars:
Ashenzari
Cheibriados
Dithmenos
Gozag
Hepliaklqana
Makhleb
Nemelex Xobeh
Okawaru
Qazlal
Ru
Trog
Uskayaw
Vehumet
Wu Jian
Jiyva

Shops:
D:12 (   Orc:2 ![*(


Innate Abilities, Weirdness & Mutations

You are completely covered in large bone plates. (SH +8)
You sometimes emit foul miasma when damaged in melee.
You sometimes gain a little power by taking damage.
You have a tail ending in a sharp stinger.


Message History

The wolf spider is no longer distracted by gold.
The flame wave engulfs the redback!
You kill the redback!
The flame wave engulfs the redback!!
You kill the redback!
You hear a faint skittering sound. x4
A sun moth comes into view.
The wolf spider misses you. You block the wolf spider's attack.
A redback comes into view.
You hear a skittering sound.
Unknown command.
A wave of flame ripples out!
The flame wave engulfs the wolf spider.
The wolf spider is almost dead.
The flame wave engulfs the boulder beetle!
You kill the boulder beetle!
The flame wave engulfs the torpor snail simulacrum!!
The torpor snail simulacrum melts!
The torpor snail simulacrum vaporises!
You hear a sizzling sound!
You finish channelling waves of flame.
A freezing mist starts to gather...
A boulder beetle simulacrum comes into view.
The jumping spider is distracted by your dazzling golden aura.
The wolf spider hits you. The wolf spider bites you.
You are poisoned.
The wolf spider poisons you!
The redback is distracted by your dazzling golden aura.
The wolf spider is distracted by your dazzling golden aura.
Unknown command.
You feel extremely sick.
The wolf spider's soul is no longer bound.
The redback is distracted by your dazzling golden aura.
The sun moth is distracted by your dazzling golden aura.
You feel extremely sick.
The wolf spider is no longer distracted by gold.
The sun moth is no longer distracted by gold.
There is a crawl-hole back to the Lair here.
You feel very sick. The sun moth throws energy at you.
The bolt of energy hits you!!!
You die...

$ ## ##
#..#.# ###
......###.##
#...$.$.s@.#
#....$...##
#....(.$.##
...Z.y.###
...s..#
.....# .....
$ .... ....


You could see a sun moth, a wolf spider, a jumping spider (unaware) and a
boulder beetle simulacrum.

Vanquished Creatures
  Saint Roka (Orc:2)
  Jorgrun (D:14)
  The ghost of Jisity the Bludgeoner, an adept HuFi of Okawaru (Orc:1)
  2 dire elephants
  2 ettins
  Fannar (D:12)
  4 vault guards (D:13)
  6 hydras
  10 two-headed ogres
  3 catoblepae
  5 centaur warriors
  An anaconda (Lair:1)
  5 boulder beetles
  2 ogre magi (Orc:2)
  A deep troll shaman (Lair:5)
  3 tengu warriors
  Erica (D:8)
  4 orc high priests (Orc:1)
  10 death yaks
  A fire crab (Lair:1)
  Sonja (D:12)
  A pharaoh ant (Spider:1)
  A wizard (D:15)
  2 deep trolls (Orc:2)
  A lindwurm (Lair:5)
  2 deep elf pyromancers (D:13)
  2 wolf spiders (Spider:1)
  An oklob plant (Lair:5)
  2 necromancers
  3 orc knights
  2 orc sorcerers
  21 ugly things
  4 manticores
  5 cyclopes
  17 elephants
  A salamander (Lair:1)
  2 moths of wrath (Orc:1)
  11 black mambas
  3 naga magi (D:15)
  Maurice (D:8)
  3 gargoyles
  An ice statue (IceCv)
  11 cane toads
  Maggie (D:8)
  3 torpor snails
  5 rime drakes
  6 freezing wraiths (IceCv)
  An unseen horror (D:12)
  9 komodo dragons
  An efreet (D:14)
  13 ice devils (IceCv)
  An anaconda simulacrum (IceCv)
  4 meliai
  6 polar bears
  A hornet (D:9)
  15 trolls
  14 blink frogs
  Grinder (D:5)
  A harpy skeleton (D:15)
  12 slime creatures
  6 dream sheep (Lair:5)
  A jumping spider (Spider:1)
  2 shadows
  68 yaks
  2 dire elephant simulacra (IceCv)
  A wraith (D:12)
  2 wyverns
  2 vampires
  5 basilisks
  4 redbacks (Spider:1)
  2 vampire mosquitoes (D:14)
  A steam dragon (D:4)
  13 wargs
  6 death yak simulacra (IceCv)
  A harpy simulacrum (IceCv)
  Edmund (D:5)
  4 acid dragons
  25 water moccasins
  A water moccasin (shapeshifter) (D:14)
  24 orc warriors
  3 ice beasts
  2 sky beasts (D:7)
  A meliai simulacrum (D:11)
  7 black bears
  13 centaurs
  23 wolves
  24 ogres
  An elf zombie (Ossuary)
  3 kobold brigands
  Blork the orc (D:4)
  13 bullfrogs
  5 cane toad simulacra (IceCv)
  2 gnoll sergeants
  4 scorpions
  A two-headed ogre simulacrum (D:11)
  3 wights (D:8)
  2 elephant simulacra (IceCv)
  6 killer bees
  An oklob sapling (D:5)
  9 howler monkeys
  A lava snake (D:14)
  A human zombie (Ossuary)
  5 centaur zombies
  A hound (D:5)
  22 orc priests
  2 jellies
  Ijyb (D:5)
  2 iguanas
  20 orc wizards
  A spriggan simulacrum (IceCv)
  3 troll simulacra
  3 polar bear simulacra (IceCv)
  4 wolf simulacra (IceCv)
  2 mummies (Ossuary)
  12 gnolls
  8 adders
  A naga simulacrum (IceCv)
  A shadow imp (D:5)
  5 white imps
  5 ufetubi
  An adder zombie (Ossuary)
  3 worms
  3 dart slugs
  88 orcs
  8 bats
  9 endoplasms
  2 giant cockroaches (D:3)
  8 goblins
  6 hobgoblins
  4 jackals (D:1)
  22 kobolds
  7 quokkas
  8 ball pythons
  3 frilled lizards
  A goblin zombie (Ossuary)
  8 hobgoblin zombies (Ossuary)
  2 jackal zombies (Ossuary)
  12 kobold zombies (Ossuary)
  9 orc zombies (Ossuary)
  3 rats
858 creatures vanquished.

Vanquished Creatures (others)
  An orc wizard (D:10)
  A bush (Lair:4)
  16 foxfires (D:1)
  41 fungi
  83 plants
142 creatures vanquished.

Grand Total: 1000 creatures vanquished

Notes
Turn   | Place    | Note
-------+----------+-------------------------------------------
     0 | D:1      | SnakkuSnakku7 the Demonspawn Fire Elementalist began the
                  | quest for the Orb.
     0 | D:1      | Reached XP level 1. HP: 13/13 MP: 3/3
    85 | D:1      | Reached skill level 3 in Fire Magic
   392 | D:1      | Gained mutation: You may rarely emit foul miasma when
                  | damaged in melee. [demonic ancestry]
   392 | D:1      | Reached XP level 2. HP: 12/19 MP: 5/5
   970 | D:1      | Gained mutation: You sometimes emit foul miasma when
                  | damaged in melee. [demonic ancestry]
   970 | D:1      | Reached XP level 3. HP: 20/24 MP: 6/6
  1093 | D:2      | Learned a level 2 spell: Scorch
  1258 | D:2      | Found a hide-covered altar of Uskayaw.
  1512 | D:2      | Gained mutation: You are partially covered in large bone
                  | plates. (SH +4) [demonic ancestry]
  1512 | D:2      | Reached XP level 4. HP: 23/30 MP: 1/7
  1698 | D:3      | Found a sacrificial altar of Ru.
  1845 | D:3      | Found a snail-covered altar of Cheibriados.
  1858 | D:3      | Reached skill level 4 in Fire Magic
  1944 | D:3      | Found an ornate altar of the Wu Jian Council.
  1967 | D:3      | Found a radiant altar of Vehumet.
  2255 | D:3      | Identified the +2 robe "Pomae" {rF- Int+3 Slay+5}
  2390 | D:3      | Reached XP level 5. HP: 34/35 MP: 8/8
  2721 | D:4      | Identified the +1 ring mail "Niph" {rElec MP+9 Int-3}
  2729 | D:4      | Found a burning altar of Makhleb.
  3052 | D:4      | Noticed a steam dragon
  3090 | D:4      | Killed a steam dragon
  3091 | D:4      | Reached skill level 5 in Fire Magic
  3091 | D:4      | Reached XP level 6. HP: 40/41 MP: 0/9
  3319 | D:4      | Noticed Blork the orc
  3348 | D:4      | Killed Blork the orc
  3349 | D:4      | Reached skill level 5 in Conjurations
  3697 | D:5      | Entered Level 5 of the Dungeon
  3738 | D:5      | Noticed Ijyb
  3744 | D:5      | Killed Ijyb
  3816 | D:5      | Gained mutation: You are mostly covered in large bone
                  | plates. (SH +6) [demonic ancestry]
  3816 | D:5      | Reached XP level 7. HP: 31/46 MP: 5/10
  3902 | D:5      | Noticed Grinder
  3918 | D:5      | Paralysed by Grinder for 2 turns
  3920 | D:5      | Killed Grinder
  4116 | D:5      | Reached skill level 6 in Fire Magic
  4126 | D:5      | Found a staircase to the Ecumenical Temple.
  4180 | Temple   | Entered the Ecumenical Temple
  4230 | Temple   | Became a worshipper of Gozag Ym Sagoz the Greedy
  4300 | D:5      | Noticed Edmund
  4317 | D:5      | Killed Edmund
  4318 | D:5      | Reached XP level 8. HP: 39/52 MP: 0/11
  4329 | D:5      | Learned a level 4 spell: Flame Wave
  4731 | D:6      | Found a shadowy altar of Dithmenos.
  4789 | D:6      | Found a sand-covered staircase.
  4793 | Ossuary  | Entered an ossuary
  5179 | D:6      | Found an iron altar of Okawaru.
  5544 | D:6      | Reached skill level 5 in Spellcasting
  5544 | D:6      | Reached skill level 7 in Fire Magic
  6251 | D:7      | Reached XP level 9. HP: 38/57 MP: 5/16
  6445 | D:7      | Reached skill level 8 in Fire Magic
  7096 | D:8      | Noticed Maurice
  7100 | D:8      | Killed Maurice
  7178 | D:8      | Reached skill level 9 in Fire Magic
  7182 | D:8      | Gained mutation: You have a small tail. [demonic ancestry]
  7182 | D:8      | Reached XP level 10. HP: 30/63 MP: 0/17
  7583 | D:8      | Noticed Maggie
  7594 | D:8      | Killed Maggie
  8067 | D:8      | Reached skill level 10 in Conjurations
  8137 | D:8      | Noticed Erica
  8143 | D:8      | Killed Erica
  8144 | D:8      | Reached skill level 10 in Fire Magic
  9491 | D:10     | Entered Level 10 of the Dungeon
  9491 | D:10     | Noticed a two-headed ogre
  9491 | D:10     | Found a staircase to the Lair.
  9628 | D:10     | Noticed a two-headed ogre
  9635 | D:10     | Killed a two-headed ogre
  9716 | D:10     | Found a staircase to the Orcish Mines.
  9776 | D:10     | Reached skill level 11 in Fire Magic
 10054 | D:10     | HP: 2/63 [two-headed ogre/+0 giant spiked club (7)]
 10057 | D:10     | Killed a two-headed ogre
 10058 | D:10     | Gained mutation: You have a tail ending in a sharp stinger.
                  | [demonic ancestry]
 10058 | D:10     | Reached XP level 11. HP: 3/68 MP: 10/18
 10860 | Orc:1    | Entered Level 1 of the Orcish Mines
 10860 | Orc:1    | Noticed an orc high priest
 11080 | Orc:1    | Noticed a soul eater
 11080 | Orc:1    | Killed an orc high priest
 11251 | Orc:2    | Entered Level 2 of the Orcish Mines
 11382 | Orc:2    | Noticed an ogre mage
 11391 | Orc:2    | Paralysed by something for 3 turns
 11397 | Orc:2    | Killed an ogre mage
 11417 | Orc:2    | Noticed an ettin
 11428 | Orc:2    | Killed an ettin
 11429 | Orc:2    | Reached skill level 12 in Fire Magic
 11429 | Orc:2    | Reached skill level 1 in Fighting
 11510 | Orc:2    | Noticed a two-headed ogre
 11518 | Orc:2    | Killed a two-headed ogre
 11565 | Orc:2    | Noticed a two-headed ogre
 11895 | Lair:1   | Entered Level 1 of the Lair of Beasts
 11902 | Lair:1   | Reached skill level 5 in Fighting
 12248 | Lair:1   | Gained mutation: You are completely covered in large bone
                  | plates. (SH +8) [demonic ancestry]
 12248 | Lair:1   | Reached XP level 12. HP: 52/92 MP: 2/19
 12260 | Lair:1   | Reached skill level 1 in Shields
 12710 | Lair:1   | Learned a level 6 spell: Starburst
 12904 | Lair:1   | Noticed an anaconda
 12910 | Lair:1   | Killed an anaconda
 13009 | Lair:1   | Noticed a dire elephant
 13329 | Lair:1   | Killed a dire elephant
 13330 | Lair:1   | Reached skill level 5 in Shields
 13912 | Lair:1   | Noticed a death yak
 13937 | Lair:1   | Killed a death yak
 15443 | Lair:2   | Found a staircase to the Shoals.
 15477 | Lair:2   | Reached skill level 13 in Fire Magic
 15875 | Lair:2   | Found a hole to the Spider Nest.
 15932 | Lair:2   | Reached XP level 13. HP: 95/98 MP: 18/20
 16527 | Lair:3   | HP: 4/98 [poisoned by a black mamba]
 18386 | Lair:4   | Reached skill level 14 in Fire Magic
 19784 | Lair:5   | Entered Level 5 of the Lair of Beasts
 20071 | Lair:4   | Reached skill level 15 in Conjurations
 20406 | Lair:5   | Identified a scroll of acquirement
 20408 | Lair:5   | Acquired a book of the Spheres
 20858 | Lair:5   | Reached skill level 15 in Fire Magic
 20932 | Lair:5   | Reached XP level 14. HP: 87/105 MP: 10/22
 22198 | Lair:5   | Found a staircase to the Slime Pits.
 22198 | Lair:5   | Found a viscous altar of Jiyva.
 22289 | Lair:5   | Found a sacrificial altar of Ru.
 23117 | D:11     | Found a frozen archway.
 23162 | IceCv    | Entered an ice cave
 23410 | IceCv    | Reached skill level 5 in Dodging
 23658 | IceCv    | Found an ancient bone altar of Kikubaaqudgha.
 23742 | IceCv    | Got the Precepts of Congelation
 24891 | D:12     | Noticed Sonja
 24893 | D:12     | Reached skill level 1 in Armour
 24899 | D:12     | Killed Sonja
 24900 | D:12     | Reached XP level 15. HP: 75/110 MP: 9/28
 24995 | D:12     | Found Fixeunwe's Weapon Emporium.
 25355 | D:12     | Noticed Fannar
 25360 | D:12     | Killed Fannar
 26055 | Orc:2    | Paralysed by an orc sorcerer for 5 turns
 26064 | Orc:2    | Reached skill level 5 in Armour
 26463 | Orc:2    | Found Jasson's Assorted Antiques.
 26465 | Orc:2    | Found Neet's Weapon Emporium.
 26470 | Orc:2    | Found Hyselagi's Antique Armour Shop.
 26471 | Orc:2    | Found a staircase to the Elven Halls.
 26480 | Orc:2    | Found Rifed's Distillery.
 26483 | Orc:2    | Bought a pair of glowing boots for 262 gold pieces
 26493 | Orc:2    | Bought a potion of brilliance for 60 gold pieces
 26493 | Orc:2    | Bought a potion of curing for 45 gold pieces
 26493 | Orc:2    | Bought 2 potions of curing for 90 gold pieces
 26493 | Orc:2    | Bought a potion of brilliance for 60 gold pieces
 26493 | Orc:2    | Bought a potion of mutation for 120 gold pieces
 26503 | Orc:2    | Bought a potion of mutation for 240 gold pieces
 26503 | Orc:2    | Bought a scroll of fear for 120 gold pieces
 26503 | Orc:2    | Bought a scroll of magic mapping for 225 gold pieces
 26701 | Orc:2    | Noticed Saint Roka
 26900 | Orc:2    | Killed Saint Roka
 27869 | Orc:1    | Found a transporter.
 27873 | Orc:1    | Noticed Jisity's ghost (adept HuFi)
 27886 | Orc:1    | Found a transporter.
 28002 | Orc:1    | Killed Jisity's ghost
 28036 | Orc:1    | Identified the amulet "Urollaci" {Reflect Int+4 SH+5}
 28239 | D:13     | Found a gate to the Vaults.
 28248 | D:13     | Reached skill level 16 in Fire Magic
 28646 | D:13     | Gained mutation: You sometimes gain a little power by
                  | taking damage. [demonic ancestry]
 28646 | D:13     | Reached XP level 16. HP: 108/117 MP: 17/29
 29716 | D:14     | Reached skill level 17 in Fire Magic
 30057 | D:14     | Noticed Jorgrun
 30063 | D:14     | Killed Jorgrun
 30138 | D:14     | Learned a level 8 spell: Ignition
 30458 | D:15     | Entered Level 15 of the Dungeon
 31334 | D:15     | Found a staircase to the Depths.
 31436 | D:15     | Reached skill level 18 in Fire Magic
 31785 | Spider:1 | Entered Level 1 of the Spider Nest
 31800 | Spider:1 | Blown up by a sun moth

Illustrated notes

Levels and vault maps discovered:
D:1:      dpeg_arrival_radiant, layout_rooms
D:2:      layout_rooms, basic_altar
D:3:      minmay_chambers_of_twos, layout_loops_ring, vehumet_crystals,
          nzn_wu_jian_contemplation, cheibrodos_worm_habitat,
          nicolae_ru_awakened_eye
D:4:      layout_basic, mainiacjoe_overflow_surrounded_room,
          columned_hall_lemuel, uniq_blork_the_orc
D:5:      layout_loops_corners, minmay_temple_entry_oklob, corexii_shack,
          uniq_ijyb, uniq_grinder, uniq_edmund
D:6:      layout_basic, nicolae_dithmenos_the_darkroom,
          mainiacjoe_overflow_boulevard, enter_ossuary_5, kennysheep_path_1
D:7:      layout_basic
D:8:      layout_loops_corners, grunt_ministairs_5, minmay_hedge_maze,
          kennysheep_flooded_box, uniq_erica, uniq_maurice, uniq_maggie
D:9:      layout_stronghold
D:10:     layout_basic, lair_entry_dummy, minmay_orc_entry_temple_small
D:11:     layout_cave_pools, serial_ice, serial_ice_k, serial_ice_a,
          serial_ice_g, serial_ice_f, serial_ice_d, serial_ice_n, serial_ice_o,
          serial_ice_c, portal_ice_cave_entry_ice_simulacra, minivault_1
D:12:     layout_layer_cave, serial_shops, nicolae_shop_bloodbath_and_beyond,
          hangedman_decor_lopped, minivault_1, nrook_campfire, uniq_sonja,
          uniq_fannar
D:13:     layout_long_grid, lightli_vaults_fourway_checkpoint
D:14:     layout_basic, minmay_crystal_water, uniq_jorgrun
D:15:     grunt_enter_depths_magical_seal, layout_stronghold,
          nicolae_concentric_dashed_squares_mild, minmay_misc_feat_x
Temple:   bh_familiar_temple
Lair:1:   layout_misc_corridors, st_stairs_8, nicolae_lair_lakeside_cave,
          infiniplex_staircase_pool
Lair:2:   layout_roguey, minmay_shoals_entry_centaurs,
          hellmonk_spider_entry_not_the_bees, st_stairs_5
Lair:3:   layout_cave_pods, grunt_megastairs_3
Lair:4:   beast_lair_carwin_large_2, layout_regular_city
Lair:5:   grunt_lair_end_beastmaster, layout_cave_pods, slime_entry_1,
          lemuel_oklob_altar
Spider:1: layout_spider_delve, hangedman_spider_tarantella_strand
Orc:1:    layout_caves, gammafunk_ghost_berserking_beasts, minmay_orc_temple_c
Orc:2:    st_orc_open, layout_diamond_mine, gauntlet_entry_generic,
          nicolae_orc_pool_cavern, uniq_saint_roka

Skill      XL: |  1  2  3  4  5  6  7  8  9 10 11 12 13 14 15 16 |
---------------+-------------------------------------------------+-----
Fire Magic     | 3 4 5 6 7 9 11 12 13 15 16 18 | 18.2
Conjurations   | 2 3 4 5 6 7 9 11 12 13 15 | 15.0
Spellcasting   | 5 9 |  9.0
Fighting       | 7 8 |  8.0
Shields        | 5 |  5.2
Dodging        | 8 |  8.0
Armour         | 1 8 |  8.0
Stealth        | |  1.7

Action                   |  1- 3 |  4- 6 |  7- 9 | 10-12 | 13-15 | 16-18 || total
-------------------------+-------+-------+-------+-------+-------+-------++-------
Melee: Hand axe          |    82 |    83 |   245 |   208 |   447 |     1 ||  1066
       Unarmed           |     2 |     5 |       |       |       |       ||     7
       Punch             |       |     2 |     3 |       |       |       ||     5
       Tailslap          |       |       |       |    44 |   111 |    21 ||   176
       Staff             |       |       |       |       |       |    90 ||    90
 Cast: Foxfire           |     9 |       |       |       |       |       ||     9
       Scorch            |     3 |    20 |    51 |    36 |    40 |       ||   150
       Flame Wave        |       |       |    10 |    61 |   105 |    23 ||   199
       Starburst         |       |       |       |     1 |    91 |    23 ||   115
Evoke: Wand              |       |       |       |    10 |     7 |     3 ||    20
       Phantom mirror    |       |       |       |       |     1 |       ||     1
  Use: Scroll            |       |     3 |     6 |    16 |    14 |       ||    39
       Potion            |       |       |       |     4 |     2 |       ||     6
 Stab: Sleeping          |     5 |     8 |     1 |       |       |     1 ||    15
       Distracted        |       |       |     1 |     3 |    10 |       ||    14
       Petrified         |       |       |       |       |    14 |       ||    14
       Petrifying        |       |       |       |       |     1 |       ||     1
Armor: Robe              |    22 |    30 |       |       |       |       ||    52
       Steam dragon scal |       |     4 |   156 |     3 |       |       ||   163
       Acid dragon scale |       |       |       |   206 |   351 |   105 ||   662
Dodge: Dodged            |    70 |    51 |   202 |   165 |   332 |   103 ||   923
Block: Other             |       |    13 |    98 |    21 |       |       ||   132
       Buckler           |       |       |       |   215 |   604 |   124 ||   943
